 Dungeon Sprint DCSS version 0.17-a0-1738-g82cdc46 (webtiles) character file.

1200000 ztt the Blinker (level 13, -41/119 HPs)
             Began as a Ghoul Warper on Aug 30, 2015.
             Was a Follower of Makhleb.
             Annihilated by a bag of meat
             ... wielding a +9 war axe
              (47 damage)
             ... in the Dungeon (Sprint VIII: "Arena of Blood").
             The game lasted 00:00:16 (12 turns).

ztt the Blinker (Ghoul Warper)                        Turns: 12, Time: 00:00:17

Health: -41/119    AC:  3    Str: 16    XL:     13   Next: 24%
Magic:  3/28       EV: 17    Int:  8    God:    Makhleb [*.....]
Gold:   0          SH:  0    Dex: 12    Spells: 1 memorised, 35 levels left

rFire  . . .     SeeInvis .     l - +∞ Axe of Woe
rCold  + . .     Clarity  .     b - +0 leather armour
rNeg   + + +     SustAt   .     (no shield)
rPois  ∞         Gourm    .     (no helmet)
rElec  .         Spirit   .     (no cloak)
rCorr  .         Warding  .     (no gloves)
rMut   .         NoTele   +     (no boots)
MR     .....                    (no amulet)
Stlth  +.........               (no ring)
                                (no ring)

@: rotting, not resistant to hostile enchantments, very unstealthy
A: rotting body, claws 1, carnivore 3, cold resistance 1, negative energy
resistance 3, slow healing 1, torment resistance, unbreathing
a: Renounce Religion


You were in the Dungeon.
You worshipped Makhleb.
Makhleb was aware of your devotion.
You were not hungry.

You visited 1 branch

Inventory:

Hand weapons
 a - a +0 hand axe
 l - the +∞ Axe of Woe (weapon)
   (You found it in the Dungeon)
Missiles
 e - 5 tomahawks of dispersal (quivered)
Armour
 b - a +0 leather armour (worn)
Jewellery
 m - a +30 ring of slaying
Scrolls
 d - 2 scrolls of blinking
Potions
 g - a potion of curing
 h - a potion of heal wounds
 i - a potion of haste
 j - 2 potions of magic
 k - a potion of berserk rage
Books
 c - a book of Spatial Translocations

   Spells                             Type                      Level
   a - Apportation                    Translocation                1
   b - Blink                          Translocation                2
   c - Shroud of Golubria             Charms/Translocation         2
   d - Portal Projectile              Translocation                3
   e - Teleport Other                 Translocation                3
   f - Passage of Golubria            Translocation                4
Comestibles
 f - a meat ration


   Skills:
 + Level 12.9 Fighting
 + Level 11.5 Axes
 + Level 4.5 Throwing
 + Level 3.0 Armour
 + Level 10.8 Dodging
 + Level 12.0 Spellcasting
 + Level 20.2 Translocations


You had 35 spell levels left.
You knew the following spells:

 Your Spells              Type           Power        Failure   Level  Hunger
a - Apportation           Tloc           #####.....   0%          1    None


Dungeon Overview and Level Annotations

Branches:
Dungeon (1/1)

Altars:
Makhleb


Innate Abilities, Weirdness & Mutations

Your body is rotting away.
You thrive on raw meat.
You are immune to poison.
You have sharp fingernails.
You are carnivorous and can eat meat at any time.
Your flesh is cold resistant.
You are immune to negative energy.
You heal slowly when monsters are visible.
You are immune to unholy pain and torment.
You can survive without breathing.


Message History

You slash the bag of meat!
You pulverise the bag of meat into a thin bloody mist.
You kill the bag of meat!
Makhleb accepts your kill.
You can now gain health from killing.
Your Fighting skill increases to level 12!
Your Axes skill gained 2 levels and is now at level 11!
Your Throwing skill increases to level 4!
Your Armour skill increases to level 3!
Your Dodging skill increases to level 10!
Your Spellcasting skill gained 2 levels and is now at level 12!
Your Translocations skill gained 3 levels and is now at level 20!
You have reached level 13!
You hear a shout!
The meat berserker rages.
You hear a shout! x6
The bag of meat closely misses you.
The bag of meat hits you with a +9 war axe!!!
* * * LOW HITPOINT WARNING * * *
The bag of meat hits you with a +9 war axe!!!
You die...

........###......
#.....O.._.......
..... #.....# ...
......#_.<._#....
......#.....#....
#.......)_o......
........###......
...###..o....###.
#..o@.O.#
#..oo...#
...o..oo.......
...............
..ooo..........#
.o.....o.....##.
...#........#.
...........#..


You could see a meat berserker (berserk) and 12 bags of meat.

Vanquished Creatures
  2 orcs (D)
2 creatures vanquished.

Notes
Turn   | Place    | Note
--------------------------------------------------------------
     0 | D        | ztt the Ghoul Warper began the quest for the Orb.
     0 | D        | Reached XP level 1. HP: 17/17 MP: 2/2
     3 | D        | Noticed a bag of meat
     4 | D        | Became a worshipper of Makhleb the Destroyer
     6 | D        | Killed a bag of meat
     6 | D        | Reached skill level 11 in Fighting
     6 | D        | Reached skill level 10 in Spellcasting
     6 | D        | Reached skill level 17 in Translocations
     6 | D        | Reached XP level 2. HP: 20/40 MP: 2/12
     6 | D        | Reached XP level 3. HP: 23/47 MP: 2/14
     6 | D        | Reached XP level 4. HP: 26/55 MP: 2/15
     6 | D        | Reached XP level 5. HP: 28/61 MP: 2/17
     6 | D        | Reached XP level 6. HP: 31/68 MP: 2/18
     6 | D        | Reached XP level 7. HP: 33/74 MP: 2/20
     6 | D        | Reached XP level 8. HP: 36/82 MP: 2/21
     6 | D        | Reached XP level 9. HP: 39/89 MP: 2/22
     6 | D        | Reached XP level 10. HP: 42/96 MP: 2/23
     6 | D        | Reached XP level 11. HP: 44/102 MP: 2/24
     6 | D        | Reached XP level 12. HP: 47/110 MP: 2/25
     9 | D        | Noticed a bag of meat
     9 | D        | Noticed a bag of meat
     9 | D        | Noticed a bag of meat
     9 | D        | Noticed a bag of meat
     9 | D        | Noticed a bag of meat
    10 | D        | Noticed a bag of meat
    10 | D        | Noticed a bag of meat
    10 | D        | Noticed a bag of meat
    11 | D        | Noticed a bag of meat
    11 | D        | Noticed a bag of meat
    11 | D        | Noticed a bag of meat
    11 | D        | Noticed a meat berserker
    11 | D        | Noticed a bag of meat
    12 | D        | Noticed a meat berserker
    12 | D        | Killed a bag of meat
    12 | D        | Acquired Makhleb's first power
    12 | D        | Reached skill level 10 in Dodging
    12 | D        | Reached skill level 20 in Translocations
    12 | D        | Reached XP level 13. HP: 50/119 MP: 3/28
    12 | D        | Annihilated by a bag of meat

Vault maps used:
D:        meatsprint

Action                   |  1- 3 |  4- 6 |  7- 9 | 10-12 | 13-15 || total
-------------------------+-------+-------+-------+-------+-------++-------
Melee: Executioner's axe |     1 |       |       |     1 |       ||     2
